 Dungeon Crawl Stone Soup version 0.28-a0-1159-g27aa881441 (webtiles) character file.

Game seed: 7318269074384098486

161 Fortus the Sneak (level 5, -2/30 HPs)
             Began as a Kobold Brigand on Dec 15, 2021.
             Slain by a water moccasin (6 damage)
             ... on level 3 of the Dungeon.
             The game lasted 00:04:52 (3529 turns).

Fortus the Sneak (Kobold Brigand)                   Turns: 3529, Time: 00:04:53

Health: -2/30      AC:  9    Str:  8    XL:     5   Next: 70%
Magic:  5/5        EV: 12    Int: 13    God:
Gold:   174        SH:  0    Dex: 18    Spells: 4/4 levels left

rFire   . . .      SeeInvis .   a - +2 dagger
rCold   . . .      Faith    .   (shield restricted)
rNeg    . . .      Spirit   .   k - +2 ring mail {rPois}
rPois   +          Reflect  .   n - +0 helmet
rElec   .          Harm     .   c - +0 cloak
rCorr   .          Rampage  .   (no gloves)
Will    .....                   (no boots)
Stlth   ++++......              (no amulet)
HPRegen 0.10/turn               (no ring)
MPRegen 0.09/turn               (no ring)

@: no status effects
A: small, no large weapons, nightstalker 3
a: no special abilities


You were on level 3 of the Dungeon.
You visited 1 branch of the dungeon, and saw 4 of its levels.

You collected 174 gold pieces.

Inventory:

Hand Weapons
 a - a +2 dagger (weapon)
Missiles
 d - 8 poisoned darts (quivered)
 e - 2 curare-tipped darts
Armour
 b - a +0 robe
 c - a +0 cloak (worn)
 k - a +2 ring mail of poison resistance (worn)
 n - a +0 helmet (worn)
Scrolls
 f - a scroll of magic mapping {unknown}
 l - 3 scrolls of enchant armour {unknown}
 m - 2 scrolls of identify {unknown}
 q - a scroll of immolation {unknown}
 r - 2 scrolls of teleportation {unknown}
 s - 3 scrolls of fear {unknown}
Potions
 g - 2 potions of berserk rage {unknown}
 h - a potion of might {unknown}
 i - a potion of haste {unknown}
 j - a potion of curing {unknown}
 o - a potion of lignification {unknown}
 p - a potion of degeneration {unknown}


   Skills:
 - Level 2.1 Fighting
 * Level 6.1 Short Blades
 - Level 2.1 Throwing
 - Level 1.2 Dodging
 + Level 6.8 Stealth


You had 4 spell levels left.
You didn't know any spells.
Your spell library was empty.

Dungeon Overview and Level Annotations

Branches:
Dungeon (4/15)
 Temple: D:4-7

Altars:


Innate Abilities, Weirdness & Mutations

You are small and have problems with some larger weapons.
You are completely attuned to the shadows.


Message History

The water moccasin bites you.
You closely miss the water moccasin.
The water moccasin is heavily wounded.
The water moccasin bites you!
You hit the water moccasin but do no damage.
The water moccasin is heavily wounded.
You hit the water moccasin.
The water moccasin is heavily wounded.
The water moccasin bites you.
You hit the water moccasin.
The water moccasin is severely wounded.
The water moccasin misses you.
You barely miss the water moccasin.
The water moccasin is severely wounded.
The water moccasin bites you.
* * * LOW HITPOINT WARNING * * *
You miss the water moccasin.
The water moccasin is severely wounded.
The water moccasin bites you.
* * * LOW HITPOINT WARNING * * *
You miss the water moccasin.
The water moccasin is severely wounded.
The water moccasin misses you.
You hit the water moccasin.
The water moccasin is severely wounded.
The water moccasin bites you but does no damage.
You hit the water moccasin.
The water moccasin is severely wounded.
The water moccasin bites you but does no damage.
You barely miss the water moccasin.
The water moccasin is severely wounded.
The water moccasin bites you.
* * * LOW HITPOINT WARNING * * *
You hit the water moccasin.
The water moccasin is almost dead.
The water moccasin misses you.
You hit the water moccasin but do no damage.
The water moccasin is almost dead.
The water moccasin bites you.
You die...

#..........
#...........
#...........#######
#..................
#.....$........###.
#...........##.###.
#.@..........).....
#S............<....
#########.#########
..............
###....#...##.
#....#...###
#....##..###
....###..... ##....


You could see a water moccasin.

Vanquished Creatures
  Crazy Yiuf (D:2)
  5 adders
  A shadow imp (D:4)
  2 worms (D:2)
  2 dart slugs
  5 orcs
  6 bats
  5 endoplasms
  A giant cockroach (D:3)
  5 goblins
  5 hobgoblins
  A jackal (D:3)
  7 kobolds
  3 quokkas
  6 ball pythons
  A ball python skeleton (D:2)
  9 frilled lizards
  5 rats
70 creatures vanquished.

Notes
Turn   | Place    | Note
-------+----------+-------------------------------------------
     0 | D:1      | Fortus the Kobold Brigand began the quest for the Orb.
     0 | D:1      | Reached XP level 1. HP: 12/12 MP: 1/1
   412 | D:1      | Reached XP level 2. HP: 17/17 MP: 2/2
   671 | D:1      | Reached XP level 3. HP: 21/21 MP: 3/3
   854 | D:1      | Found a faded altar of an unknown god.
  1416 | D:2      | Reached XP level 4. HP: 26/26 MP: 4/4
  1704 | D:2      | Found a runed translucent door.
  1707 | D:2      | Noticed Crazy Yiuf
  1712 | D:2      | Killed Crazy Yiuf
  1713 | D:2      | Reached skill level 5 in Short Blades
  1812 | D:2      | Reached XP level 5. HP: 30/30 MP: 5/5
  2761 | D:3      | Noticed a water moccasin
  3529 | D:3      | Slain by a water moccasin

Illustrated notes

Levels and vault maps discovered:
D:1:      dpeg_arrival_simpleton_b, layout_loops_ring,
          shapermc_ecumenical_altar_petra, amcnicky_mini_rare_corridor_liquid,
          minmay_lizard_pond
D:2:      kb_forest_paths, layout_loops_corners, uniq_crazy_yiuf_cottage
D:3:      minmay_recursive_quarters, layout_rooms, kennysheep_ying_yang
D:4:      layout_loops_ring, kennysheep_generic_room_7

Skill      XL: |  1  2  3  4  5 |
---------------+----------------+-----
Short Blades   | 3 4 5 6 |  6.1
Stealth        | 6 |  6.8
Fighting       | |  2.1
Throwing       | |  2.1
Dodging        | |  1.2

Action                   |  1- 3 |  4- 6 || total
-------------------------+-------+-------++-------
Melee: Dagger            |    91 |   169 ||   260
 Stab: Sleeping          |    16 |    18 ||    34
Armor: Robe              |    17 |       ||    17
       Ring mail         |       |    28 ||    28
Dodge: Dodged            |    60 |    63 ||   123

Table legend: (Time is in decaauts)
 A = Elapsed time spent in this place.
 B = Non-inter-level travel time spent in this place.
 C = Inter-level travel time spent in this place.
 D = Time resting spent in this place.
 E = Time spent auto-exploring this place.
 F = Levels seen in this place.
 G = Mean time per level.
                   A        B        C        D        E       F      G
               +--------+--------+--------+--------+--------+-----+--------+
         Total |   3466 |   3306 |    160 |    664 |   2174 |   4 |  866.5 |
       Dungeon |   3466 |   3306 |    160 |    664 |   2174 |   4 |  866.5 |
               +--------+--------+--------+--------+--------+-----+--------+

Top non-repeatable levels by time:
     D:1: 1381 daAuts
     D:2: 1236 daAuts
     D:4: 460 daAuts
     D:3: 387 daAuts
